 Dungeon Sprint DCSS version 0.31-a0-986-g5e6e4ef867 (webtiles) character file.

Game seed: 11956534336301324528

18736 sircluck the Brawler (level 12, -19/144 HPs)
             Began as a Troll Berserker on Nov 13, 2023.
             Was a High Priest of Trog.
             Killed from afar by a frost giant (40 damage)
             ... with a bolt of cold
             ... in the Dungeon (Sprint II: "The Violet Keep of Menkaure").
             The game lasted 00:07:38 (1084 turns).

sircluck the Brawler (Troll Berserker)              Turns: 1084, Time: 00:07:38

Health: -19/144    AC: 14    Str: 32    XL:     12   Next: 30%
Magic:  11/11      EV: 11    Int:  3    God:    Trog [*****.]
Gold:   1377       SH:  0    Dex:  9    Spells: 11/11 levels left

rFire   x x          .
                       - Unarmed
rCold   . . .        (no shield)
rNeg    . . .        k - +0 storm dragon scales
rPois   .            (helmet restricted)
rElec   +            (no cloak)
rCorr   .            (gloves unavailable)
SInv    .            (boots unavailable)
Will    .....        (no amulet) Stlth
                     (no ring)
HPRegen 1.24/turn    (no ring)
MPRegen 0.12/turn

%: no teleportation, random rage (3%)
@: slowed, very slow
A: large, unfitting armour, claws 3, regeneration 1, shaggy fur 1, tough skin 1,
berserk 1, heat vulnerability 2, inability to drink after injury 2, inability to
read after injury 1
a: Renounce Religion, Berserk, Trog's Hand, Brothers in Arms


You were in the Dungeon.
You worshipped Trog.
Trog was extremely pleased with you.
You visited 1 branch You collected 1377 gold pieces.

Inventory:

Armour
 a - a +0 animal skin
 k - +0 storm dragon scales (worn)
Wands
 i - a wand of quicksilver (2)
Scrolls
 h - a scroll of enchant weapon {unknown}
Potions
 c - 3 potions of enlightenment {unknown}
 d - a potion of haste
 e - 2 potions of magic
 f - a potion of berserk rage
 j - a potion of experience {unknown}


   Skills:
 + Level 15.7 Fighting
 + Level 6.0 Armour
 + Level 15.5 Dodging
 + Level 18.2 Unarmed Combat


You had 11 spell levels left.
You didn't know any spells.
Your spell library was empty.

Dungeon Overview and Level Annotations

Branches:
Dungeon (1/1)

Altars:
Okawaru
Vehumet

Shops:
D [!:=*:(=*:![*!?([[!*:(?=:!(!==(

Annotations:
D exclusion: oklob plant


Innate Abilities, Weirdness & Mutations

You are too large for most types of armour.
You have claws for hands.
Your natural rate of healing is unusually fast.
You are covered in fur. (AC +1)
You have tough skin. (AC +1)
You sometimes lose your temper in combat.
You are very vulnerable to heat. (rF--)
You sometimes lose the ability to drink potions when taking damage.
You occasionally lose the ability to read scrolls when taking damage.


Message History

You feel stronger.
Unknown command.
Unknown command.
Unknown command.
Unknown command.
Aiming: Quicksilver Bolt
Press: ? - help, Q - select action, (/) - cycle Shift-Dir - straight line, f - cacodemon
Aim: a cacodemon (71% to hit)
The bolt of dispelling energy misses the cacodemon.
Your stone giant rages.
Your stone giant hits the cacodemon but does no damage.
A deep elf high priest breaks down the gate.
Unknown command.
Your cyclops goes berserk!
Your stone giant hits the cacodemon!!
The cacodemon misses you. The cacodemon barely misses you.
Your stone giant hits the cacodemon!
The cacodemon hits you but does no damage.
The cacodemon hits you.
* * * LOW HITPOINT WARNING * * *
Your stone giant hits the cacodemon!!!
The cacodemon dies!
Trog accepts your kill.
Unknown command.
You mangle the deep elf high priest!!
The deep elf high priest is heavily wounded.
A frost giant comes into view.
It is wielding a +3 battleaxe of freezing.
Your cyclops hits the deep elf high priest!!!
The deep elf high priest dies!
Trog accepts your kill.
You hear a splash.
Your Armour skill increases to level 6!
Unknown command.
Unknown command.
A frost giant is nearby!
The walls and floor vibrate strangely for a moment.
Your stone giant hits the frost giant.
The frost giant casts a spell at you. The bolt of cold hits your cyclops!!
The bolt of cold hits you!!!
You die...

###################
....'..#∩☼○☼☼'†°○☼#
....#..#######.####
#####÷##..####'####
∩∩∩∩#))†.##§§§§§§§##
∩∩∩∩#..###§§§§§§§§§##
######))§~§§C§§§§§§§#
#2..####§CC○§§§§§##
D..$.. #~##~..○§@§##
########~~#'''#+++##
#######~~~.......~~#
..∩.∩.#~~~~.##'##..#
.∩.∩..#~~~~##..###.####
∩.....#~~~~#..##.#....#
.∩....#~~####.#.####..##
∩.∩...#~##.###†###.##..#
.∩.∩..#~#...##.##...#÷.#


You could see a frost giant (ally target), a friendly stone giant (summoned,
berserk) and a friendly cyclops (summoned, berserk).

Vanquished Creatures
  A golden dragon (D)
  A storm dragon (D)
  Roxanne (D)
  A great orb of eyes (D)
  2 boulder beetles (D)
  6 flying skulls (D)
  2 slime creatures (D)
  3 yaks (D)
  3 neqoxecs (D)
  Menkaure (D)
  2 redbacks (D)
  A vampire mosquito (D)
  2 water moccasins (D)
  5 necrophages (D)
  An iron imp (D)
  3 worms (D)
35 creatures vanquished.

Vanquished Creatures (collateral kills)
  A golden dragon (D)
  A bone dragon (D)
  Kirke (D)
  A cacodemon (D)
  A deep elf high priest (D)
  A yaktaur captain (D)
  A centaur warrior (D)
  A skeletal warrior (D)
  3 manticores (D)
  An elephant (D)
  A kobold demonologist (D)
  6 flying skulls (D)
  A neqoxec (D)
20 creatures vanquished.

Grand Total: 55 creatures vanquished

Notes
Turn   | Place    | Note
-------+----------+-------------------------------------------
     0 | D        | sircluck the Troll Berserker began the quest for the Orb.
     0 | D        | Reached XP level 1. HP: 22/22 MP: 0/0
    20 | D        | Reached ** piety under Trog
    21 | D        | Reached XP level 2. HP: 25/31 MP: 1/1
    26 | D        | Noticed Roxanne
    28 | D        | Noticed a water moccasin
    34 | D        | Killed a water moccasin
    35 | D        | Reached skill level 5 in Fighting
    35 | D        | Reached skill level 5 in Dodging
    35 | D        | Reached skill level 6 in Unarmed Combat
    35 | D        | Reached XP level 3. HP: 31/42 MP: 2/2
    35 | D        | Reached XP level 4. HP: 38/50 MP: 3/3
    46 | D        | Noticed a necrophage
    47 | D        | Noticed a necrophage
    47 | D        | Noticed Menkaure
    48 | D        | Found an iron altar of Okawaru.
    48 | D        | Found a radiant altar of Vehumet.
    48 | D        | Noticed a necrophage
    48 | D        | Noticed a necrophage
    49 | D        | Killed Menkaure
    50 | D        | Reached XP level 5. HP: 59/59 MP: 4/4
    54 | D        | Reached *** piety under Trog
    55 | D        | Reached skill level 7 in Unarmed Combat
    57 | D        | Reached XP level 6. HP: 59/68 MP: 5/5
    61 | D        | Reached skill level 8 in Unarmed Combat
    78 | D        | Noticed a boulder beetle
    78 | D        | Noticed a boulder beetle
    93 | D        | Killed a boulder beetle
    93 | D        | Reached **** piety under Trog
    94 | D        | Reached skill level 10 in Unarmed Combat
    94 | D        | Reached XP level 7. HP: 83/83 MP: 6/6
    94 | D        | Reached XP level 8. HP: 92/92 MP: 7/7
   101 | D        | Killed a boulder beetle
   102 | D        | Reached skill level 11 in Unarmed Combat
   134 | D        | Found Hodeaf's Antique Weapon Shop.
   135 | D        | Found Zuptovv Zyja's Jewellery Boutique.
   135 | D        | Found Hiniptub's Magic Scroll Shop.
   135 | D        | Found Tueff's Distillery.
   135 | D        | Found Bochunin's Antique Armour Boutique.
   135 | D        | Found Hoshrifo's General Store.
   135 | D        | Found Guhol's Antique Weapon Shop.
   135 | D        | Found Xaukum's Antique Armour Boutique.
   135 | D        | Found Qimp's Book Shop.
   135 | D        | Found Ygimublire's Antique Armour Boutique.
   136 | D        | Found Daoschukk's Assorted Antiques.
   136 | D        | Found Ninieda's Jewellery Boutique.
   136 | D        | Noticed a death yak
   152 | D        | Reached skill level 10 in Fighting
   152 | D        | Reached skill level 10 in Dodging
   154 | D        | Noticed a flying skull
   154 | D        | Noticed a flying skull
   154 | D        | Noticed a flying skull
   154 | D        | Noticed a flying skull
   154 | D        | Gained mutation: You are vulnerable to heat. (rF-) [a
                  | neqoxec]
   155 | D        | Lost intelligence.
   155 | D        | Noticed a flying skull
   155 | D        | Noticed a flying skull
   156 | D        | Gained mutation: You occasionally lose the ability to drink
                  | potions when taking damage. [a neqoxec]
   157 | D        | Noticed a flying skull
   157 | D        | Gained mutation: You sometimes lose the ability to drink
                  | potions when taking damage. [a neqoxec]
   158 | D        | Gained mutation: You occasionally lose the ability to read
                  | scrolls when taking damage. [a neqoxec]
   159 | D        | Noticed a flying skull
   159 | D        | Noticed a flying skull
   168 | D        | Gained mutation: You are very vulnerable to heat. (rF--) [a
                  | neqoxec]
   170 | D        | Reached ***** piety under Trog
   171 | D        | Reached skill level 12 in Unarmed Combat
   171 | D        | Reached XP level 9. HP: 77/102 MP: 8/8
   191 | D        | Reached skill level 13 in Unarmed Combat
   199 | D        | Received a gift from Trog
   216 | D        | Reached XP level 10. HP: 53/115 MP: 9/9
   227 | D        | Found Supojaw's Distillery.
   231 | D        | Found Ofaemn's Distillery.
   235 | D        | Received a gift from Trog
   236 | D        | Reached skill level 14 in Unarmed Combat
   250 | D        | Noticed a hell hog
   289 | D        | Noticed an oklob plant
   290 | D        | Found Nonatz Gila's Book Shoppe.
   293 | D        | Noticed a hell hog
   301 | D        | Noticed an ice dragon
   392 | D        | Killed Roxanne
   392 | D        | Reached ****** piety under Trog
   471 | D        | Noticed a golden dragon
   475 | D        | Found Qainoeff's Weapon Boutique.
   475 | D        | Found Juiraph's Jewellery Shoppe.
   475 | D        | Found Modi's Jewellery Shop.
   475 | D        | Found Zithy's Distillery.
   475 | D        | Noticed a storm dragon
   593 | D        | Noticed a manticore
   593 | D        | Noticed a manticore
   593 | D        | Noticed an elephant
   593 | D        | Noticed a centaur warrior
   593 | D        | Noticed Kirke
   598 | D        | Killed Kirke
   598 | D        | Noticed a skeletal warrior
   598 | D        | Killed a manticore
   599 | D        | Reached skill level 15 in Unarmed Combat
   599 | D        | Noticed a yaktaur captain
   600 | D        | Killed a manticore
   602 | D        | Killed a yaktaur captain
   603 | D        | Noticed a manticore
   604 | D        | Killed a manticore
   604 | D        | Received a gift from Trog
   605 | D        | Reached XP level 11. HP: 127/127 MP: 10/10
   606 | D        | Killed a skeletal warrior
   615 | D        | Killed a centaur warrior
   616 | D        | Reached skill level 16 in Unarmed Combat
   710 | D        | Received a gift from Trog
   790 | D        | Identified the +12 bardiche "Troll's Curse" {heavy, rC++}
                  | (Trog gifted it to you in the Dungeon)
   790 | D        | Received a gift from Trog
   825 | D        | Noticed a great orb of eyes
   839 | D        | Killed a great orb of eyes
   871 | D        | Found Zedghar's Antique Armour Emporium.
   871 | D        | Found Riamm's Jewellery Shop.
   871 | D        | Found Tebuxt's Distillery.
   871 | D        | Found Sutzi's General Store.
   871 | D        | Found Veomis's Weapon Boutique.
   872 | D        | Found Zuga's Book Shoppe.
   872 | D        | Found Kibiang's Book Boutique.
   872 | D        | Found Otzih's Magic Scroll Emporium.
   872 | D        | Found Kibef's General Store.
   872 | D        | Found Xafac's Distillery.
   872 | D        | Found Kiex's Antique Weapon Shop.
   872 | D        | Found Jakalorgh's Book Shoppe.
   921 | D        | Killed a golden dragon
   922 | D        | Reached skill level 17 in Unarmed Combat
  1011 | D        | Killed a storm dragon
  1012 | D        | Reached skill level 15 in Fighting
  1039 | D        | Noticed a cacodemon
  1040 | D        | Noticed a bone dragon
  1040 | D        | Noticed a golden dragon
  1077 | D        | Noticed a deep elf high priest
  1077 | D        | HP: 1/132 [poisoned by a golden dragon (poison gas)]
  1078 | D        | Killed a golden dragon
  1078 | D        | Killed a bone dragon
  1078 | D        | Gained mutation: You sometimes lose your temper in combat.
                  | [a cacodemon]
  1079 | D        | Reached skill level 5 in Armour
  1079 | D        | Reached skill level 15 in Dodging
  1079 | D        | Reached skill level 18 in Unarmed Combat
  1079 | D        | Reached XP level 12. HP: 11/143 MP: 11/11
  1081 | D        | Killed a cacodemon
  1082 | D        | Noticed a frost giant
  1082 | D        | Killed a deep elf high priest
  1084 | D        | Killed from afar by a frost giant

Illustrated notes

Levels and vault maps discovered:
D:        the_violet_keep_of_menkaure [sprint2_stairs_cluster_1,
          sprint2_shoproom, sprint2_temple, sprint2_basic_supplies,
          sprint2_obstacle_1, sprint2_obstacle_4, sprint2_obstacle_6,
          sprint2_obstacle_5, sprint2_obstacle_2, sprint2_timed_cluster_1,
          sprint2_smallroom_cluster_1, sprint2_smallroom_final_cluster_1,
          sprint2_transparent_cluster_1, sprint2_second_timed_cluster_1,
          sprint2_sniper_area_1, sprint2_heavy_combat_area_1,
          sprint2_mutation_trap_area_1, sprint2_forest_area_1,
          sprint2_light_combat_area_1, sprint2_behind_water_1,
          sprint2_near_end_vault_1]

Skill      XL: |  1  2  3  4  5  6  7  8  9 10 11 12 |
---------------+-------------------------------------+-----
Fighting       | 3 5 6 9 10 11 13 15 | 15.7
Dodging        | 3 5 6 8 10 11 13 15 | 15.5
Unarmed Combat | 6 7 10 12 13 15 18 | 18.2
Armour         | 5 6 |  6.0

Action                     |  1- 3 |  4- 6 |  7- 9 | 10-12 || total
---------------------------+-------+-------+-------+-------++-------
  Melee: Unarmed           |    19 |    30 |    41 |    67 ||   157
         Punch             |     1 |     2 |     3 |    15 ||    21
 Invoke: Berserk           |       |     1 |       |       ||     1
         Brothers in Arms  |       |       |     1 |     4 ||     5
  Evoke: Wand              |       |       |       |     1 ||     1
    Use: Potion            |       |       |     1 |     1 ||     2
         Scroll            |       |       |       |     1 ||     1
 Armour: Animal skin       |     7 |    13 |    35 |    44 ||    99
         Storm dragon scal |       |       |       |    23 ||    23
  Dodge: Dodged            |     4 |    12 |    16 |    23 ||    55

Table legend: (Time is in decaauts)
 A = Elapsed time spent in this place.
 B = Non-inter-level travel time spent in this place.
 C = Inter-level travel time spent in this place.
 D = Time resting spent in this place.
 E = Time spent auto-exploring this place.
 F = Levels seen in this place.
 G = Mean time per level.
                   A        B        C        D        E       F      G
               +--------+--------+--------+--------+--------+-----+--------+
         Total |   1075 |   1069 |      6 |    407 |     41 |   1 | 1075.0 |
       Dungeon |   1075 |   1069 |      6 |    407 |     41 |   1 | 1075.0 |
               +--------+--------+--------+--------+--------+-----+--------+

Top non-repeatable levels by time:
       D: 1075 daAuts
